 Dungeon Crawl Stone Soup version 0.27-a0-1281-ge233d83751 (webtiles) character file.

Game seed: 4186769767050359508

29 Azzok the Chopper (level 3, 29/29 HPs)
             Began as a Demonspawn Berserker on June 13, 2021.
             Was a Follower of Trog.
             Quit the game on level 2 of the Dungeon.
             The game lasted 00:01:05 (1489 turns).

Azzok the Chopper (Demonspawn Berserker)            Turns: 1489, Time: 00:01:06

Health: 29/29      AC:  2    Str: 18    XL:     3   Next: 1%
Magic:  3/3        EV: 12    Int:  8    God:    Trog [*.....]
Gold:   45         SH:  0    Dex: 12    Spells: 2/2 levels left

rFire    . . .     SeeInvis .   a - +0 hand axe
rCold    . . .     Faith    .   (no shield)
rNeg     . . .     Spirit   .   b - +0 animal skin
rPois    .         Reflect  .   (helmet restricted)
rElec    .         Harm     .   (no cloak)
rCorr    .         Rampage  .   (no gloves)
Will     .....                  (no boots)
Stlth    +.........             (no amulet)
HPRegen  0.09/turn              (no ring)
MPRegen  0.08/turn              (no ring)

@: no status effects
A: claws 1, horns 1
a: Renounce Religion, Berserk


You were on level 2 of the Dungeon.
You worshipped Trog.
Trog was aware of your devotion.
You visited 1 branch of the dungeon, and saw 2 of its levels.

You collected 45 gold pieces.

Inventory:

Hand Weapons
 a - a +0 hand axe (weapon)
Armour
 b - a +0 animal skin (worn)
Jewellery
 g - an amulet of faith
Scrolls
 d - 2 scrolls of silence {unknown}
 f - a scroll of amnesia {unknown}
 h - a scroll of identify {unknown}
 i - a scroll of fear {unknown}
Potions
 c - 2 potions of attraction {unknown}
 e - a potion of degeneration {unknown}


   Skills:
 - Level 3.0 Fighting
 + Level 3.8 Axes
 - Level 1.7 Armour
 - Level 1.7 Dodging


You had 2 spell levels left.
You didn't know any spells.
Your spell library was empty.

Dungeon Overview and Level Annotations

Branches:
Dungeon (2/15)

Altars:


Innate Abilities, Weirdness & Mutations

You have sharp fingernails.
You have a pair of small horns on your head.


Message History

You see here a book of Callings.
Found 20 arrows.
i - a scroll labelled MOTUUGH KAONIK A quokka comes into view.
A quokka is nearby!
Found 21 sling bullets.
The quokka barely misses you.
Found a stone staircase leading up.
You barely miss the quokka. The quokka bites you. The quokka barely misses you.
You barely miss the quokka. The quokka misses you.
You hit the quokka.
The quokka is severely wounded.
The quokka bites you but does no damage.
You hit the quokka.
You kill the quokka!
Trog accepts your kill.
You see here 21 sling bullets.
You open the door.
A hobgoblin comes into view.
The hobgoblin shouts!
A hobgoblin is nearby!
There is an open door here.
The hobgoblin barely misses you.
You closely miss the hobgoblin.
The hobgoblin hits you but does no damage.
The hobgoblin closely misses you.
You closely miss the hobgoblin. The hobgoblin barely misses you.
You hit the hobgoblin.
You kill the hobgoblin!
Trog accepts your kill.
You have reached level 3!
Your experience leads to an increase in your attributes!
Increase (S)trength, (I)ntelligence, or (D)exterity?
You feel stronger.
Your demonic ancestry asserts itself...
Your fingernails lengthen.
You see here a hobgoblin corpse.
You see here 20 arrows.
A bat comes into view.
A bat is nearby!
Are you sure you want to abandon this character and quit the game? (Confirm with "yes".)

▒▒▒▒·▒▒·▒·▒▒▒▒▒▒▒▒▒▒▒·▒▒▒·▒▒▒▒▒▒·
▒ ▒·▒▒····▒▒▒▒▒▒▒▒▒▒·▒ ▒ ▒ ▒· ▒
▒·▒▒·▒··▒▒·········▒ ·▒ ▒· ▒
▒·▒▒·▒··▒▒·▒▒▒▒▒▒▒·▒ ·▒ ▒·
▒▒▒▒·▒▒·····)·····▒▒▒·▒▒▒·▒ ▒·
·························(▒▒▒▒▒▒·
····▒▒▒▒▒··▒▒·▒▒▒▒▒▒▒▒▒··········
····▒ ▒▒▒··▒▒·▒▒▒▒▒▒▒▒▒·▒·▒▒▒▒▒▒·
····▒ ▒····▒▒···@·······)·▒▒▒▒▒▒·
····▒ ▒·▒··▒▒·▒▒▒·▒▒▒··b·········
····▒▒▒·······▒ ·▒ ▒▒▒·▒·▒▒▒▒▒▒▒
··:·'···▒▒·▒▒·▒ ·▒ ▒··········
····▒▒▒·▒▒·▒▒<▒ ▒··········▒▒▒▒▒▒
····▒ ▒·▒▒·▒▒·▒ ▒▒·▒▒▒▒·▒▒·▒
····▒ ▒·▒▒·▒▒·▒ ·▒ ▒·▒▒·▒ ··▒▒▒
▒·▒▒·▒▒·▒ ·▒ ▒·▒▒·▒ ··▒ ▒·▒▒·▒▒·▒
▒·▒▒·▒


You could see a bat.

Vanquished Creatures
  A worm (D:2)
  A dart slug (D:1)
  An endoplasm (D:2)
  A giant cockroach (D:1)
  2 goblins
  4 hobgoblins
  A kobold (D:2)
  A quokka (D:2)
  6 ball pythons
  2 bats
  2 rats
22 creatures vanquished.

Notes
Turn   | Place    | Note
-------+----------+-------------------------------------------
     0 | D:1      | Azzok the Demonspawn Berserker began the quest for the Orb.
     0 | D:1      | Reached XP level 1. HP: 18/18 MP: 1/1
   161 | D:1      | Gained mutation: You have a pair of small horns on your
                  | head. [demonic ancestry]
   161 | D:1      | Reached XP level 2. HP: 17/24 MP: 2/2
  1441 | D:2      | Gained mutation: You have sharp fingernails. [demonic
                  | ancestry]
  1441 | D:2      | Reached XP level 3. HP: 29/29 MP: 3/3
  1489 | D:2      | Quit the game

Illustrated notes

Levels and vault maps discovered:
D:1:      dpeg_arrival_rooms_b, layout_rooms, serial_curves, eino_curves_03,
          eino_curves_02
D:2:      layout_basic, eino_tiny_chamber

Skill      XL: |  1 |
---------------+----+-----
Axes           | 3 |  3.8
Fighting       | |  3.0
Armour         | |  1.7
Dodging        | |  1.7

Action                   || total
-------------------------++-------
Melee: Hand axe          ||    57
       Headbutt          ||     8
Invok: Berserk           ||     1
Armor: Animal skin       ||     5
Dodge: Dodged            ||    37

Table legend: (Time is in decaauts)
 A = Elapsed time spent in this place.
 B = Non-inter-level travel time spent in this place.
 C = Inter-level travel time spent in this place.
 D = Time resting spent in this place.
 E = Time spent auto-exploring this place.
 F = Levels seen in this place.
 G = Mean time per level.
                   A        B        C        D        E       F      G
               +--------+--------+--------+--------+--------+-----+--------+
         Total |   1507 |   1491 |     16 |     40 |   1281 |   2 |  753.5 |
       Dungeon |   1507 |   1491 |     16 |     40 |   1281 |   2 |  753.5 |
               +--------+--------+--------+--------+--------+-----+--------+

Top non-repeatable levels by time:
     D:2: 827 daAuts
     D:1: 680 daAuts
